 Dungeon Crawl Stone Soup version 0.28-a0-1182-g381e24db82 (webtiles) character file.

Game seed: 17940709971794972168

123 bearlyready the Conjurer (level 4, -2/33 HPs)
             Began as a Draconian Conjurer on Dec 16, 2021.
             Killed by divine providence
             ... invoked by an orc priest
              (12 damage)
             ... on level 3 of the Dungeon.
             The game lasted 00:02:24 (3244 turns).

bearlyready the Conjurer (Draconian Conjurer)       Turns: 3244, Time: 00:02:24

Health: -2/33      AC:  6    Str: 10    XL:     4   Next: 79%
Magic:  3/7        EV: 27    Int: 20    God:
Gold:   112        SH:  0    Dex:  9    Spells: 4/7 levels left

rFire   . . .      SeeInvis .   b - +2 whip (elec)
rCold   . . .      Faith    .   (no shield)
rNeg    . . .      Spirit   .   (armour unavailable)
rPois   .          Reflect  .   (helmet restricted)
rElec   .          Harm     .   k - +0 cloak
rCorr   .          Rampage  .   (no gloves)
Will    .....                   (no boots)
Stlth   ++........              m - amulet of the acrobat
HPRegen 0.11/turn               (no ring)
MPRegen 0.10/turn               (no ring)

@: acrobatic
A: AC +5, unfitting armour, cold-blooded
a: no special abilities


You were on level 3 of the Dungeon.
You visited 1 branch of the dungeon, and saw 3 of its levels.

You collected 112 gold pieces.

Inventory:

Hand Weapons
 a - a +0 spear
 b - a +2 whip of electrocution (weapon)
Missiles
 g - 17 poisoned darts
Armour
 k - a +0 cloak (worn)
Jewellery
 f - an amulet of magic regeneration
 m - an amulet of the acrobat (around neck)
Scrolls
 c - 3 scrolls of teleportation {unknown}
 d - a scroll of noise {unknown}
 i - a scroll of magic mapping {unknown}
 l - a scroll of identify {unknown}
Potions
 e - 2 potions of lignification {unknown}
 h - a potion of curing {unknown}
 j - a potion of flight {unknown}


   Skills:
 - Level 2.0 Maces & Flails
 - Level 1.7 Dodging
 - Level 1.7 Stealth
 - Level 2.0 Spellcasting
 + Level 5.7 Conjurations


You had 4 spell levels left.
You knew the following spells:

 Your Spells              Type           Power      Damage    Failure   Level
a - Magic Dart            Conj           100%       1d8       1%          1
b - Searing Ray           Conj           50%        2d6       2%          2

Your spell library contained the following spells:

 Spells                   Type           Power      Damage    Failure   Level
 Dazzling Flash           Conj/Hex       26%        N/A       14%         3
 Fulminant Prism          Conj/Hex       6%         3d7       43%         4
 Iskenderun's Mystic Bla  Conj/Tloc      13%        2d5       43%         4


Dungeon Overview and Level Annotations

Branches:
Dungeon (3/15)

Altars:


Innate Abilities, Weirdness & Mutations

Your plain brown scales are hard. (AC +5)
You cannot fit into any form of body armour.
You are cold-blooded and may be slowed by cold attacks.


Message History

The orc priest looks satisfied for a moment.
You hit the orc but do no damage. The orc barely misses you.
You barely miss the orc.
Your tail-slap misses the orc.
The orc priest calls down the wrath of Beogh upon you.
Beogh smites you! The orc barely misses you. x2
You are too injured to fight recklessly!
You are too injured to fight recklessly!
You are too injured to fight recklessly!
You are too injured to fight recklessly!
You are too injured to fight recklessly!
You are too injured to fight recklessly!
The orc completely misses you.
The orc priest mumbles some strange prayers to Beogh against you.
Beogh smites you!
* * * LOW HITPOINT WARNING * * *
Casting: Searing Ray (safe; 2% risk of failure)
Confirm with . or Enter, or press ? or * to list all spells.
Aiming: Searing Ray (safe; 2% risk of failure)
Press: ? - help, Shift-Dir - straight line, f - orc
Aim: an orc, wielding a +0 club and wearing a +0 leather armour (79% to hit)
The searing ray hits the orc.
The orc is moderately wounded.
The searing ray hits the orc.
The orc is moderately wounded.
The searing ray hits the orc!
You kill the orc! (Press . to maintain the ray.)
The orc hits you but does no damage.
The searing ray hits the orc but does no damage.
The orc is moderately wounded.
The searing ray hits the orc!
You kill the orc!
The searing ray misses the orc priest.
The orc closely misses you.
The searing ray hits the orc.
You kill the orc!
The searing ray hits the orc priest!
The orc priest is heavily wounded.
The orc priest invokes the aid of Beogh against you.
Beogh smites you!
You die...

#.#....###
#####.# #
#.##.....#
#.#####
#........####
#......
#.###.......###
#######
#.#.......oo..o.#
#........o.##.#.#
#.##..#.###.#)#
#.##..#.###.#)#
#...o.......#@#
####.########.#
... #.# #... ..#
#... .## #... #.
.... #. #.


You could see an orc priest.

Vanquished Creatures
  Crazy Yiuf (D:2)
  Robin (D:3)
  3 orcs (D:3)
  9 ball pythons
  8 endoplasms
  A giant cockroach (D:2)
  16 goblins
  6 hobgoblins
  8 jackals (D:1)
  4 kobolds
  4 quokkas
  4 bats (D:2)
  9 frilled lizards
  A rat (D:2)
75 creatures vanquished.

Notes
Turn   | Place    | Note
-------+----------+-------------------------------------------
     0 | D:1      | bearlyready the Draconian Conjurer began the quest for the
                  | Orb.
     0 | D:1      | Reached XP level 1. HP: 14/14 MP: 3/3
   547 | D:1      | Found a faded altar of an unknown god.
   604 | D:1      | Reached XP level 2. HP: 20/20 MP: 5/5
   978 | D:1      | Reached skill level 1 in Maces & Flails
  1439 | D:1      | Reached XP level 3. HP: 26/26 MP: 6/6
  1442 | D:1      | Learned a level 2 spell: Searing Ray
  2567 | D:2      | Reached skill level 5 in Conjurations
  2909 | D:2      | Found a runed translucent door.
  2910 | D:2      | Noticed Crazy Yiuf
  2916 | D:2      | Killed Crazy Yiuf
  2917 | D:2      | Reached XP level 4. HP: 33/33 MP: 2/7
  3093 | D:3      | Noticed Robin
  3119 | D:3      | Killed Robin
  3244 | D:3      | Killed from afar by an orc priest

Illustrated notes

Levels and vault maps discovered:
D:1:      sevenhm_arrival_forest_fort_small_3, layout_loops_ring,
          basic_ecumenical_altar, st_stairs_13
D:2:      layout_basic, minmay_lizard_pond, uniq_crazy_yiuf_cottage
D:3:      layout_loops_cross, uniq_robin, uniq_pargi

Skill      XL: |  1  2  3 |
---------------+----------+-----
Maces & Flails | 1 2 |  2.0
Conjurations   | 5 |  5.7
Dodging        | |  1.7
Stealth        | |  1.7
Spellcasting   | |  2.0

Action                   |  1- 3 |  4- 6 || total
-------------------------+-------+-------++-------
Melee: Spear             |    26 |       ||    26
       Whip              |   154 |    42 ||   196
       Tailslap          |     7 |     3 ||    10
 Cast: Searing Ray       |     1 |     1 ||     2
 Stab: Sleeping          |     5 |       ||     5
Armor: Skin              |    49 |    10 ||    59
Dodge: Dodged            |   102 |    22 ||   124

Table legend: (Time is in decaauts)
 A = Elapsed time spent in this place.
 B = Non-inter-level travel time spent in this place.
 C = Inter-level travel time spent in this place.
 D = Time resting spent in this place.
 E = Time spent auto-exploring this place.
 F = Levels seen in this place.
 G = Mean time per level.
                   A        B        C        D        E       F      G
               +--------+--------+--------+--------+--------+-----+--------+
         Total |   3254 |   3219 |     35 |      0 |   2738 |   3 | 1084.7 |
       Dungeon |   3254 |   3219 |     35 |      0 |   2738 |   3 | 1084.7 |
               +--------+--------+--------+--------+--------+-----+--------+

Top non-repeatable levels by time:
     D:1: 1881 daAuts
     D:2: 1118 daAuts
     D:3: 254 daAuts
